Map: Eindringling LE

Players

Panda - Winner!

  • Race: Zerg Zerg
  • Spawn Location: 5:00

K.I.-1 (Leicht)

  • Race: Terran Terran
  • Spawn Location: 11:00

VOD

Have the link to the VOD?

Description

Time

  • Played on: Aug. 27, 2017, 7:04 a.m.
  • Length: 10:12
Show
View Real Time Build Order
Export as new Build Order

Panda Zerg - Winner!

Build Orders: Pool First 

Get SALT Encoding   

  12  0:03  Drone  
  13  0:10  Drone  
  14  0:16  Overlord  
  15  0:35  Drone x2  
  15  0:41  Spawning Pool  
  15  0:44  Extractor  
  15  0:46  Drone  
  15  0:51  Drone  
  17  0:57  Drone  
  17  1:09  Drone  
  18  1:18  Drone  
  19  1:29  Queen  
  19  1:30  Overlord  
  21  1:43  Drone  
  21  1:46  Metabolic Boost  
  22  1:51  Drone  
  23  2:00  Hatchery  
  22  2:05  Overlord  
  22  2:16  Drone  
  23  2:27  Zergling x2  
  24  2:37  Zergling x2  
  24  2:38  Zergling x6  
  28  2:49  Overlord  
  28  2:50  Hatchery  
  27  3:09  Zergling x4  
  29  3:18  Drone x3  
  29  3:19  Drone  
  29  3:36  Zergling x8  
  32  3:43  Queen  
  32  3:45  Drone  
  32  3:46  Drone x4  
  37  3:58  Drone  
  37  3:59  Drone  
  39  4:05  Evolution Chamber  
  39  4:06  Evolution Chamber  
  38  4:10  Zergling x6  
  38  4:12  Queen  
  38  4:14  Zergling x2  
  43  4:28  Overlord x2  
  43  4:32  Zergling x10  
  46  4:53  Zergling x14  
  51  5:10  Drone x9  
  51  5:13  Queen  
  62  5:20  Zerg Ground Armor Level 1  
  62  5:21  Zerg Melee Weapons Level 1  
  62  5:27  Lair  
  62  5:32  Drone x2  
  62  5:34  Drone x2  
  65  6:12  Drone  
  65  6:13  Drone x8  
  74  6:25  Overlord x3, Extractor x2  
  72  6:36  Infestation Pit  
  71  6:49  Drone x8  
  71  6:52  Extractor x2  
  77  6:57  Zergling x18  
  78  8:48  Zergling x34  
  91  9:26  Zergling x4  
  91  9:27  Swarm Host  
  91  9:29  Overlord x5  
Show
View Real Time Build Order
Export as new Build Order

K.I.-1 (Leicht) Terran 

Build Orders:  

Get SALT Encoding   

  12  0:00  SCV  
  13  0:13  SCV  
  14  0:19  Supply Depot  
  14  0:25  SCV  
  15  0:40  SCV  
  16  0:42  Barracks  
  16  0:46  Refinery  
  16  1:10  Supply Depot  
  16  1:21  Refinery  
  16  1:29  Barracks Tech Lab  
  16  1:32  Orbital Command  
  16  1:47  Marine  
  17  2:11  Marauder  
  17  2:15  Supply Depot, SCV  
  20  2:27  SCV  
  21  2:35  Marauder  
  23  2:39  SCV  
  24  2:51  SCV  
  24  2:58  Marine  
  26  3:03  SCV  
  27  3:15  SCV  
  28  3:22  Marauder  
  28  3:45  Marine  
  29  4:08  Marine  
  30  4:32  Marine  
  29  4:54  Marauder  
  24  5:05  SCV  
  23  5:15  Marine  
  23  5:17  SCV  
  25  5:33  Marauder  
  25  5:35  SCV  
  24  5:54  Marine  
  24  5:55  SCV  
  23  6:10  SCV  
  23  6:12  Marauder  
  25  6:33  Marine  
  26  6:49  Factory  
  26  6:50  Supply Depot  
  26  6:51  Marauder  
  27  7:07  SCV  
  26  7:10  Command Center  
  26  7:12  Marine  
  26  7:15  Supply Depot  
  22  7:19  SCV  
  19  7:30  Reaper  
  19  7:31  SCV  
  19  7:35  Starport  
  20  7:39  Hellion  
  20  7:43  SCV  
  23  7:55  SCV  
  24  8:01  Hellion  
  25  8:07  SCV  
  25  8:11  Starport Tech Lab, Marauder  
  27  8:19  SCV  
  22  8:25  Hellion  
  24  8:30  Raven  
  24  8:31  SCV  
  24  8:32  SCV  
  28  8:40  Marine  
  27  8:43  SCV  
  27  8:44  SCV  
  27  8:51  Refinery  
  27  8:54  Hellion, Refinery  
  29  8:56  SCV x2  
  27  9:08  SCV x2  
  27  9:09  Marauder  
  23  9:20  SCV x2  
  13  9:32  SCV  
  13  9:33  SCV  
  11  9:44  SCV  
  11  9:45  SCV  
Tags
 
Matchup
TvZ
Opening
Pool First
Replay Pack
replays1
Spawn Locations
Cross Positions
Add a new tag
Caveats
  • Supply blocks, unpowered buildings, or Contaminate may cause inaccurate times.
  • Supply counts are checked every 10 seconds.